 Dungeon Crawl Stone Soup version 0.18.1-2-ga659475 (webtiles) character file.

1127 manyhoops the Covered (level 8, -9/62 HPs)
             Began as a Demonspawn Gladiator on May 8, 2016.
             Was a Believer of Okawaru.
             Mangled by an orc warrior
             ... wielding a +0 flail
              (16 damage)
             ... on level 6 of the Dungeon.
             The game lasted 00:09:54 (5669 turns).

manyhoops the Covered (Demonspawn Gladiator)        Turns: 5669, Time: 00:09:54

Health: -9/62      AC: 17    Str: 17    XL:     8   Next: 13%
Magic:  6/8        EV:  9    Int: 10    God:    Okawaru [**....]
Gold:   349        SH:  3    Dex: 14    Spells: 0 memorised, 7 levels left

rFire  . . .     SeeInvis +     b - +7 dagger of Laceration {flame, SInv Stlth+}
rCold  + . .     Gourm    .     g - +0 plate armour
rNeg   . . .     Faith    .     (no shield)
rPois  .         Spirit   .     (helmet unavailable)
rElec  .         Dismiss  .     (no cloak)
rCorr  .         Reflect  +     G - +0 pair of gloves
SustAt .         Harm     .     k - +0 pair of boots
MR     .....                    e - +3 amulet of reflection
Stlth  ..........               (no ring)
                                (no ring)

@: heroism, slowed, very slow, not resistant to hostile enchantments, extremely
unstealthy
A: antennae 3, cold resistance 1
a: Heroism, Renounce Religion


You were on level 6 of the Dungeon.
You worshipped Okawaru.
Okawaru was pleased with you.
You were hungry.

You visited 1 branch of the dungeon, and saw 7 of its levels.

You collected 349 gold pieces.

Inventory:

Hand Weapons
 a - a +0 long sword
 b - the +7 dagger of Laceration (weapon) {flame, SInv Stlth+}
   (You found it on level 5 of the Dungeon)

   It has been specially enchanted to burn those struck by it, causing extra
   injury to most foes and up to half again as much damage against particularly
   susceptible opponents.
   It lets you see invisible.
   It makes you more stealthy.
Missiles
 d - 3 throwing nets (quivered)
Armour
 g - a +0 plate armour (worn)
 k - a +0 pair of boots (worn)
 B - a +1 ring mail of cold resistance
 G - a +0 pair of gloves (worn)
Jewellery
 e - a +3 amulet of reflection (around neck)
 F - a cursed ring of poison resistance {unknown}
Wands
 m - a wand of acid (9/15)
 C - a wand of polymorph (5/24)
Scrolls
 h - 3 scrolls of enchant armour {unknown}
 i - 6 scrolls of identify {unknown}
 o - a scroll of enchant weapon {unknown}
 s - a scroll of blinking {unknown}
 t - 3 scrolls of recharging {unknown}
 u - 2 scrolls of fear {unknown}
 w - 4 scrolls of remove curse {unknown}
 x - 2 scrolls of random uselessness {unknown}
 y - 2 scrolls of teleportation {unknown}
 A - a scroll of amnesia {unknown}
Potions
 c - 2 potions of cancellation {unknown}
 j - 2 potions of heal wounds {unknown}
 p - 3 potions of curing
 q - a potion of cure mutation {unknown}
 r - a potion of resistance {unknown}
 v - a potion of degeneration {unknown}
 z - a potion of might {unknown}
 D - 2 potions of flight {unknown}
Books
 E - a book of Unlife

   Spells                             Type                      Level
   a - Recall                         Summoning/Translocation      3
   b - Animate Dead                   Necromancy                   4
   c - Control Undead                 Necromancy                   4
   d - Cigotuvi's Embrace             Necromancy                   5
   e - Death Channel                  Necromancy                   6
   f - Simulacrum                     Ice/Necromancy               6
Comestibles
 f - 7 bread rations
 l - 3 meat rations
 n - 2 beef jerkies
 H - 3 fruits


   Skills:
 + Level 5.3(10.3) Fighting
 * Level 2.7(9.0) Short Blades
 - Level 4.4(9.9) Long Blades
 - Level 1.7(6.7) Throwing
 + Level 5.6(10.6) Armour
 - Level 2.6(7.6) Dodging


You had 7 spell levels left.
You didn't know any spells.

Dungeon Overview and Level Annotations

Branches:
Dungeon (7/15)             Temple (0/1) D:4

Altars:
Cheibriados
Fedhas
Nemelex Xobeh
Okawaru
Trog
Zin

Shops:
D:5 (*

Annotations:
D:5 Dowan, Duvessa


Innate Abilities, Weirdness & Mutations

You have a pair of large antennae on your head (SInv).
Your flesh is cold resistant.


Message History

You closely miss the orc warrior.
The orc warrior is heavily wounded.
The orc wizard hits you but does no damage. x2
You closely miss the orc warrior.
You punch the orc warrior, but do no damage.
The orc warrior is heavily wounded.
The orc warrior hits you with a flail.
* * * LOW HITPOINT WARNING * * *
The orc wizard hits you but does no damage.
You hit the orc warrior. You burn the orc warrior.
The orc warrior is severely wounded.
The orc wizard hits you but does no damage.
The orc warrior hits you but does no damage.
You hit the orc warrior but do no damage.
The orc warrior is severely wounded.
The orc wizard misses you.
You hit the orc warrior but do no damage.
The orc warrior is severely wounded.
The orc wizard barely misses you. The orc warrior hits you with a flail!
You die...

..........#.......#......#...#...
_.........#.>.....#......#..[#...
###..#######......#......#...#...
###..##...#########......#...#...
#.........#..............##'##...
#.........#......................
#.........+........#+####.....###
##...######.....o..#....#.....#..
.#...##...#.....@..+....#.....#..
.#...#....#....o...#....#.....#..
.#...'....#........#....#.....###
.#...#....#........#....##'#.....
.###'###+##........#.......#.....
...................#.......#.....
...................'.......#.....
...................#....####.....
...........<.......#....## ####..


You could see an orc warrior and an orc wizard.

Vanquished Creatures
  2 orc warriors
  An ice beast (D:5)
  An ogre (D:6)
  A sky beast (D:7)
  A centaur (D:7)
  A big kobold (D:7)
  A centaur zombie (D:6)
  2 hounds
  A jelly (D:3)
  An orc priest (D:7)
  2 orc wizards
  An iguana (D:6)
  3 worker ants
  A hound skeleton (D:6)
  5 gnolls
  5 adders
  An ooze (D:2)
  A worm (D:2)
  4 dart slugs
  2 giant geckos (D:1)
  12 orcs
  6 giant cockroaches
  6 goblins
  4 hobgoblins
  4 jackals (D:7)
  4 quokkas
  10 bats
  3 giant newts
  A jackal zombie (D:6)
  12 kobolds
  4 rats
103 creatures vanquished.

Vanquished Creatures (others)
  A kobold (D:7)
1 creature vanquished.

Grand Total: 104 creatures vanquished

Notes
Turn   | Place    | Note
--------------------------------------------------------------
     0 | D:1      | manyhoops the Demonspawn Gladiator began the quest for the Orb.
     0 | D:1      | Reached XP level 1. HP: 16/16 MP: 1/1
   505 | D:1      | Gained mutation: You have a pair of small antennae on your head. [demonic ancestry]
   505 | D:1      | Reached XP level 2. HP: 20/22 MP: 2/2
  1101 | D:2      | Gained mutation: Your flesh is cold resistant. [demonic ancestry]
  1101 | D:2      | Reached XP level 3. HP: 24/27 MP: 3/3
  1139 | D:2      | Found a blossoming altar of Fedhas.
  1293 | D:2      | Found an iron altar of Okawaru.
  1399 | D:2      | Became a worshipper of Warmaster Okawaru
  1537 | D:1      | Reached skill level 1 in Armour
  1709 | D:3      | Found a snail-covered altar of Cheibriados.
  1751 | D:3      | Reached XP level 4. HP: 22/34 MP: 4/4
  1946 | D:3      | Reached XP level 5. HP: 32/40 MP: 5/5
  2553 | D:4      | Found a bloodstained altar of Trog.
  3019 | D:4      | Found a staircase to the Ecumenical Temple.
  3222 | D:5      | Entered Level 5 of the Dungeon
  3229 | D:5      | Found Zin's Purification Station.
  3253 | D:5      | Noticed Dowan
  3255 | D:5      | Noticed Duvessa
  3518 | D:5      | Found Soudyn's Antique Weapon Shop.
  3527 | D:5      | Got an iridescent dagger
  3532 | D:5      | Identified the +7 dagger of Laceration {flame, SInv Stlth+} (You found it on level 5 of the Dungeon)
  3616 | D:5      | Reached XP level 6. HP: 40/48 MP: 6/6
  3642 | D:5      | Noticed an ice beast
  3659 | D:5      | Killed an ice beast
  3659 | D:5      | Reached * piety under Okawaru
  3799 | D:5      | Found a glowing silver altar of Zin.
  3957 | D:6      | Found a sparkling altar of Nemelex Xobeh.
  4126 | D:6      | Gained mutation: You have a pair of antennae on your head. [demonic ancestry]
  4126 | D:6      | Reached XP level 7. HP: 53/55 MP: 7/7
  4150 | D:6      | Reached skill level 1 in Short Blades
  5099 | D:7      | Reached skill level 5 in Armour
  5258 | D:7      | Reached skill level 5 in Fighting
  5553 | D:7      | Gained mutation: You have a pair of large antennae on your head (SInv). [demonic ancestry]
  5553 | D:7      | Reached XP level 8. HP: 51/62 MP: 8/8
  5626 | D:7      | Reached ** piety under Okawaru
  5669 | D:6      | Mangled by an orc warrior

Skill      XL: |  1  2  3  4  5  6  7 |
---------------+----------------------+-----
Long Blades    | 3 4 |  4.4
Armour         | 1 2 3 5 |  5.6
Fighting       | 3 4 5 |  5.3
Short Blades   | 2 |  2.7
Throwing       | |  1.7
Dodging        | |  2.6

Action                   |  1- 3 |  4- 6 |  7- 9 || total
-------------------------+-------+-------+-------++-------
Melee: Long sword        |   130 |   133 |       ||   263
       Dagger            |       |    51 |   142 ||   193
       Punch             |       |       |     1 ||     1
Invok: Heroism           |       |       |     1 ||     1
  Use: Potion            |       |     1 |       ||     1
  Eat: Meat ration       |     1 |     1 |       ||     2
       Chunk             |     1 |       |     4 ||     5
Armor: Plate armour      |   104 |   119 |    77 ||   300
Dodge: Dodged            |    37 |    39 |    47 ||   123
Block: Other             |    10 |    14 |    10 ||    34
       Reflection        |       |       |     1 ||     1
